 Dungeon Crawl Stone Soup version 0.25.1-8-g42b30a86e7 (webtiles) character file.

Game seed: 3502452610475780125

1005 Clowwww the Chopper (level 8, -9/70 HPs)
             Began as a Hill Orc Fighter on Dec 5, 2020.
             Mangled by an ogre
             ... wielding a +0 giant club
              (21 damage)
             ... on level 6 of the Dungeon.
             The game lasted 00:11:55 (6487 turns).

Clowwww the Chopper (Hill Orc Fighter)              Turns: 6487, Time: 00:11:57

Health: -9/70      AC:  7    Str: 21      XL:     8   Next: 20%
Magic:  8/8        EV:  8    Int:  8      God:
Gold:   272        SH:  0    Dex: 13 (16) Spells: 7/7 levels left

rFire    . . .     SeeInvis .   a - +0 war axe
rCold    . . .     Gourm    .   c - +0 kite shield
rNeg     . . .     Faith    .   b - +0 scale mail
rPois    +         Spirit   .   (no helmet)
rElec    .         Reflect  .   (no cloak)
rCorr    .         Harm     .   (no gloves)
MR       .....                  (no boots)
Stlth    ..........             (no amulet)
HPRegen  0.21/turn              o - ring of poison resistance
MPRegen  0.11/turn              t - +6 ring of dexterity

@: confused
A: no striking features
a: no special abilities


You were on level 6 of the Dungeon.
You were not hungry.

You visited 2 branches of the dungeon, and saw 7 of its levels.

You collected 272 gold pieces.

Inventory:

Hand Weapons
 a - a +0 war axe (weapon)
 e - a +7 scythe of venom
Missiles
 r - 2 boomerangs (quivered)
Armour
 b - a +0 scale mail (worn)
 c - a +0 kite shield (worn)
Jewellery
 i - an uncursed ring of wizardry
 o - a ring of poison resistance (left hand)
 t - a +6 ring of dexterity (right hand)
 x - an uncursed ring of positive energy
Wands
 d - a wand of digging (5)
 q - a wand of acid (6)
 z - a wand of random effects (12)
Scrolls
 j - a scroll of amnesia
 n - 7 scrolls of remove curse
 p - 2 scrolls of noise
 s - a scroll of fear
 u - a scroll of magic mapping
 y - a scroll of immolation
Potions
 h - 3 potions of berserk rage {unknown}
 k - a potion of brilliance
 l - 2 potions of haste
 v - a potion of flight
 w - 3 potions of curing
Comestibles
 f - 7 rations


   Skills:
 + Level 5.7 Fighting
 + Level 7.6 Axes
 + Level 0.1 Throwing
 + Level 5.9 Armour
 + Level 1.3 Dodging
 + Level 0.7 Stealth
 + Level 5.3 Shields


You had 7 spell levels left.
You didn't know any spells.
Your spell library was empty.

Dungeon Overview and Level Annotations

Branches:
Dungeon (6/15)             Temple (1/1) D:4

Altars:
Cheibriados
Dithmenos
Elyvilon
Fedhas
Gozag
Kikubaaqudgha
Makhleb
Nemelex Xobeh
Okawaru
Ru
Sif Muna
Trog
Vehumet
Wu Jian
Xom
Yredelemnul
Zin
The Shining One

Annotations:
D:4 2 transporters, ciphuk's ghost, amateur FeCj


Message History

A magic dart appears from out of thin air!
The magic dart hits you. The ogre hits you with a +0 giant club!
* * * LOW HITPOINT WARNING * * *
You hear some strange, mumbled words.
A puff of flame appears from out of thin air!
The puff of flame hits you.
* * * LOW HITPOINT WARNING * * *
You hit the ogre.
The ogre is heavily wounded.
You miss something.
You hear some strange, mumbled words.
A puff of flame appears from out of thin air!
You block the puff of flame. The ogre barely misses you.
You slash the ogre!
The ogre is almost dead.
Your shield and scale mail prevent you from hitting something.
You hear some strange, mumbled words.
You are confused.
The ogre hits you with a +0 giant club!!
You die...

,,,,,,,,,,,,,*,* *,*
************,#.* *,************
***** *,*.### *,*,,,,,,,,,,,
,,,,********,*...##*,*,**********
,,>,,,,,,,,,,,,...,,,...,,,,,<,,,
,,,,,,,,,,,,,,,.[!,,,...,,,,,,,,,
,,,,****,******#.#***#.#,****,*.#
,,,,*,,,,,* #O# #.#,* *,#.#
,,,,*,,,,,* #@#####.#,****,#.#
*****,,,,,######{##....#,,,,,,#.#
*,,,,,#....oo......########.#
*,,,,,#.......#.............#
*,,,,,#.......#...#######....
***,,,,,#.......##.## #....
***,,,,*,*#..[....##.# ##...
,,,,,,,,,*##########.#**** ######
***,,,,*** *,...,,,* #_≈* #


You could see an ogre and 2 orcs.

Vanquished Creatures
  Sigmund (D:3)
  2 ogres
  A centaur (D:5)
  A scorpion (D:4)
  A crimson imp (D:6)
  A quasit (D:6)
  A hound (D:5)
  An orc priest (D:5)
  A centaur skeleton (D:6)
  An iguana (D:5)
  3 orc wizards
  3 worker ants (D:4)
  A hound zombie (D:5)
  2 hound skeletons (D:5)
  4 adders
  A shadow imp (D:6)
  An ooze (D:1)
  2 adder skeletons
  3 worms
  2 dart slugs
  6 leopard geckos
  21 orcs
  A ball python (D:3)
  10 bats
  5 giant cockroaches
  5 goblins
  11 hobgoblins
  4 jackals (D:2)
  2 quokkas
  4 frilled lizards
  A jackal skeleton (D:4)
  A jackal zombie (D:5)
  7 kobolds
  A leopard gecko zombie (D:5)
  3 quokka skeletons
  11 rats
126 creatures vanquished.

Notes
Turn   | Place    | Note
-------+----------+-------------------------------------------
     0 | D:1      | Clowwww the Hill Orc Fighter began the quest for the Orb.
     0 | D:1      | Reached XP level 1. HP: 19/19 MP: 1/1
   279 | D:1      | Reached skill level 3 in Axes
   279 | D:1      | Reached XP level 2. HP: 23/27 MP: 2/2
  1009 | D:2      | Reached XP level 3. HP: 30/33 MP: 3/3
  1311 | D:2      | Reached XP level 4. HP: 29/41 MP: 4/4
  2171 | D:3      | Found a snail-covered altar of Cheibriados.
  2343 | D:3      | Reached skill level 4 in Axes
  2602 | D:3      | Reached XP level 5. HP: 26/47 MP: 5/5
  2821 | D:3      | Noticed Sigmund
  2833 | D:3      | Killed Sigmund
  2833 | D:3      | Reached skill level 5 in Fighting
  2833 | D:3      | Reached skill level 5 in Axes
  2833 | D:3      | Reached XP level 6. HP: 8/56 MP: 6/6
  2834 | D:3      | HP: 1/84 [poisoned by Sigmund]
  3252 | D:3      | You fall into a shaft and drop 2 floors!
  3252 | D:5      | Entered Level 5 of the Dungeon
  3492 | D:4      | Found a transporter.
  3492 | D:4      | Noticed ciphuk's ghost (amateur FeCj)
  3496 | D:4      | Identified the +1 great mace of Zearezit {venom, rPois}
  3572 | D:4      | Found a transporter.
  3715 | D:4      | Found a staircase to the Ecumenical Temple.
  3727 | Temple   | Entered the Ecumenical Temple
  3803 | D:4      | Reached skill level 6 in Axes
  3803 | D:4      | Reached skill level 5 in Armour
  3803 | D:4      | Reached XP level 7. HP: 42/61 MP: 7/7
  4028 | D:4      | Found a sacrificial altar of Ru.
  4589 | D:4      | Reached skill level 1 in Dodging
  5606 | D:5      | Reached skill level 7 in Axes
  5810 | D:5      | Reached XP level 8. HP: 22/70 MP: 8/8
  6414 | D:6      | Reached skill level 5 in Shields
  6452 | D:6      | Found a sparkling altar of Nemelex Xobeh.
  6452 | D:6      | Found a glowing golden altar of the Shining One.
  6487 | D:6      | Mangled by an ogre

Illustrated notes

Levels and vault maps discovered:
D:1:      dpeg_chamrin_arrival_tetris, layout_loops_corners
D:2:      layout_rooms
D:3:      layout_basic, overflow_temple_1_default, first_ration, uniq_sigmund
D:4:      layout_loops_ring, nicolae_ru_sacrificial_ziggurat,
          minmay_temple_entry_slanted, gammafunk_ghost_smash,
          minmay_goblin_kobold_house
D:5:      layout_cave_pods
D:6:      layout_basic, gammafunk_temple_overflow_elements, serial_corexii_hall,
          corexii_hall_statues_l, corexii_hall_statues_l,
          lightli_ossuary_entry_decrepit_ruins
Temple:   nicolae_temple_great_sept

Skill      XL: |  1  2  3  4  5  6  7  8 |
---------------+-------------------------+-----
Axes           | 3 4 5 6 7 |  7.6
Fighting       | 4 5 |  5.7
Armour         | 4 5 |  5.9
Shields        | 4 5 |  5.3
Dodging        | 1 |  1.3
Throwing       | |  0.1
Stealth        | |  0.7

Action                   |  1- 3 |  4- 6 |  7- 9 || total
-------------------------+-------+-------+-------++-------
Melee: War axe           |    90 |   160 |   171 ||   421
Throw: Boomerang         |       |     2 |       ||     2
  Use: Potion            |       |     3 |       ||     3
       Scroll            |       |       |    11 ||    11
  Eat: Chunk             |     1 |     8 |     9 ||    18
Armor: Scale mail        |    49 |    66 |    71 ||   186
Dodge: Dodged            |    47 |    49 |    47 ||   143
Block: Kite shield       |    54 |    72 |    86 ||   212
